 Dungeon Crawl Stone Soup version 0.31-a0-664-g902f515a81 (webtiles) character file.

Game seed: 9829874333510724068

64 Revguard the Shield-Bearer (level 3, -4/29 HPs)
             Began as a Demonspawn Fighter on Sept 2, 2023.
             Slain by Terence
             ... wielding a +0 morningstar
              (5 damage)
             ... on level 3 of the Dungeon.
             The game lasted 00:02:44 (1742 turns).

Revguard the Shield-Bearer (Demonspawn Fighter)     Turns: 1742, Time: 00:02:45

Health: -4/29      AC:  6    Str: 23 (24) XL:     3   Next: 91%
Magic:  3/3        EV:  9    Int:  8 (9)  God:
Gold:   95         SH:  4    Dex: 10 (12) Spells: 2/2 levels left

rFire   . . .        a - +0 war axe
rCold   . . .        c - +0 buckler
rNeg    . . .        b - +0 scale mail
rPois   .            (helmet restricted)
rElec   .            (no cloak)
rCorr   .            (no gloves)
SInv    .            (no boots)
Will    .....        (no amulet) Stlth
                     o - +6 ring of strength
HPRegen 0.24/turn    (no ring)
MPRegen 0.08/turn

%: no passive effects
@: no status effects
A: antennae 1, spiny 1
a: no special abilities


You were on level 3 of the Dungeon.
You visited 1 branch of the dungeon, and saw 3 of its levels.

You collected 95 gold pieces.

Inventory:

Hand Weapons
 a - a +0 war axe (weapon)
Armour
 b - a +0 scale mail (worn)
 c - a +0 buckler (worn)
Jewellery
 o - a +6 ring of strength (left hand)
Scrolls
 e - a scroll of fear {unknown}
 f - a scroll of enchant weapon {unknown}
 g - 2 scrolls of vulnerability {unknown}
 i - 2 scrolls of poison {unknown}
 j - a scroll of noise {unknown}
 k - a scroll of teleportation {unknown}
 n - a scroll of torment {unknown}
 p - a scroll of revelation {unknown}
 q - 2 scrolls of identify {unknown}
Potions
 d - 5 potions of might
 l - a potion of curing {unknown}


   Skills:
 + Level 3.1 Fighting
 * Level 2.3 Axes
 + Level 2.9 Armour
 + Level 0.9 Dodging
 * Level 3.2 Shields
 + Level 1.3 Invocations
 + Level 0.9 Evocations


You had 2 spell levels left.
You didn't know any spells.
Your spell library was empty.

Dungeon Overview and Level Annotations

Branches:
Dungeon (3/15)

Altars:

Shops:
D:1 (   D:2 :

Annotations:
D:3 Terence


Innate Abilities, Weirdness & Mutations

You have a pair of small antennae on your head.
You are partially covered in sharp spines.


Message History

The slug dart hits you. The dart slug launches a dart at you.
The slug dart misses you.
You slash the dart slug!
The dart slug is severely wounded.
The dart slug bites you but does no damage.
You hit the dart slug.
The dart slug is almost dead.
The dart slug barely misses you.
You slash the dart slug!
You kill the dart slug!
You see here a dart slug corpse.
HP restored.
r - a bubbling purple potion
Found 5 stones.
Terence the Incautious comes into view.
He is wielding a +0 morningstar.
Terence shouts!
You block Terence's attack.
You hit Terence but do no damage. Terence hits you with a +0 morningstar!
You hit Terence.
Terence is lightly wounded.
Terence hits you with a +0 morningstar!
* * * LOW HITPOINT WARNING * * *
Terence barely misses you.
You hit Terence.
Terence is moderately wounded.
Terence hits you but does no damage.
You hit Terence.
Terence is heavily wounded.
Terence barely misses you.
It was a potion of cancellation.
You feel magically purged. Terence hits you but does no damage.
It was a potion of degeneration.
There was something very wrong with that liquid.
You feel weakened.
You feel dopey.
You feel clumsy. Terence is struck by your spines.
Terence hits you with a +0 morningstar.
* * * LOW HITPOINT WARNING * * *
It was a potion of magic.
Magic courses through your body. Terence is struck by your spines.
Terence hits you with a +0 morningstar.
You die...

#.#.#.#
#.#...#
#.##..#
##...##
###.#
#.# #.#
#.# #@#
#@# ..(
##.##
... .##
. #.


You could see Terence.

Vanquished Creatures
  A worm (D:2)
  3 dart slugs
  4 ball pythons
  6 bats (D:1)
  2 endoplasms
  3 giant cockroaches
  5 goblins
  4 hobgoblins
  4 jackals (D:2)
  A quokka (D:1)
  5 frilled lizards
  7 kobolds
  8 rats
53 creatures vanquished.

Notes
Turn   | Place    | Note
-------+----------+-------------------------------------------
     0 | D:1      | Revguard the Demonspawn Fighter began the quest for the
                  | Orb.
     0 | D:1      | Reached XP level 1. HP: 18/18 MP: 1/1
   163 | D:1      | Found Boto's Weapon Boutique.
   258 | D:1      | Gained mutation: You have a pair of small antennae on your
                  | head. [demonic ancestry]
   258 | D:1      | Reached XP level 2. HP: 21/24 MP: 2/2
   629 | D:1      | You fall into a shaft and drop 1 floor!
   731 | D:2      | Gained mutation: You are partially covered in sharp spines.
                  | [demonic ancestry]
   731 | D:2      | Reached XP level 3. HP: 7/29 MP: 3/3
   972 | D:2      | Reached skill level 1 in Invocations
  1094 | D:2      | Found Ifret Bats's Book Emporium.
  1732 | D:3      | Noticed Terence
  1741 | D:3      | HP: 1/29 [Terence/+0 morningstar (6)]
  1742 | D:3      | Slain by Terence

Illustrated notes

Levels and vault maps discovered:
D:1:      lemuel_arrival_hallway, layout_loops_corners, serial_shops,
          nicolae_shop_trees
D:2:      layout_basic, serial_shops, nicolae_shop_crystal
D:3:      layout_loops_ring, nzn_wu_jian_contemplation,
          mainiacjoe_overflow_boulevard, mainiacjoe_overflow_alcove_1,
          uniq_terence

Skill      XL: |  1  2  3 |
---------------+----------+-----
Axes           | 2 |  2.3
Shields        | 3 |  3.2
Invocations    | 1 |  1.3
Fighting       | |  3.1
Armour         | |  2.9
Dodging        | |  0.9
Evocations     | |  0.9

Action                     || total
---------------------------++-------
  Melee: War axe           ||   129
    Use: Potion            ||     3
 Armour: Scale mail        ||   108
  Dodge: Dodged            ||    68
  Block: Buckler           ||    40

Table legend: (Time is in decaauts)
 A = Elapsed time spent in this place.
 B = Non-inter-level travel time spent in this place.
 C = Inter-level travel time spent in this place.
 D = Time resting spent in this place.
 E = Time spent auto-exploring this place.
 F = Levels seen in this place.
 G = Mean time per level.
                   A        B        C        D        E       F      G
               +--------+--------+--------+--------+--------+-----+--------+
         Total |   1798 |   1748 |     50 |     73 |   1243 |   3 |  599.3 |
       Dungeon |   1798 |   1748 |     50 |     73 |   1243 |   3 |  599.3 |
               +--------+--------+--------+--------+--------+-----+--------+

Top non-repeatable levels by time:
     D:1: 933 daAuts
     D:2: 760 daAuts
     D:3: 104 daAuts
